 Dungeon Crawl Stone Soup version 0.22-a0-351-g29664b4 (webtiles) character file.

10 iamserjio the Insei (level 2, 0/21 HPs)
             Began as a Demonspawn Transmuter on Apr 13, 2018.
             Slain by a leopard gecko (3 damage)
             ... on level 1 of the Dungeon.
             The game lasted 00:01:25 (98 turns).

iamserjio the Insei (Demonspawn Transmuter)           Turns: 98, Time: 00:01:26

Health: 0/21       AC:  2    Str: 10    XL:     2   Next: 10%
Magic:  4/5        EV: 12    Int: 14    God:
Gold:   0          SH:  0    Dex: 13    Spells: 4/5 levels left

rFire    . . .     SeeInvis .   c - +0 short sword (flame)
rCold    . . .     Gourm    .   (no shield)
rNeg     . . .     Faith    .   b - +0 robe
rPois    .         Spirit   .   (no helmet)
rElec    .         Reflect  .   (no cloak)
rCorr    .         Harm     .   (no gloves)
MR       .....                  (no boots)
Stlth    +.........             (no amulet)
HPRegen  0.07/turn              (no ring)
MPRegen  0.09/turn              (no ring)

@: appendage
A: hooves 1, horns 2
a: End Transformation


You were on level 1 of the Dungeon.
You were not hungry.
You had grown temporary horns.
You visited 1 branch of the dungeon, and saw 1 of its levels.

Inventory:

Hand Weapons
 c - a +0 short sword of flaming (weapon)
Missiles
 a - 12 arrows
 e - 3 stones (quivered)
Armour
 b - a +0 robe (worn)
Comestibles
 d - a ration
 f - a chunk of flesh


   Skills:
 - Level 1.0 Fighting
 - Level 2.0 Dodging
 * Level 3.0 Unarmed Combat
 - Level 2.0 Spellcasting
 + Level 2.0 Transmutations


You had 4 spell levels left.
You knew the following spells:

 Your Spells              Type           Power        Failure   Level  Hunger
a - Beastly Appendage     Tmut           #.....       11%         1    ##.....


Dungeon Overview and Level Annotations

Branches:
Dungeon (1/15)

Altars:


Innate Abilities, Weirdness & Mutations

You have large cloven feet.
You have a pair of horns on your head.


Message History

You kill the hobgoblin!
The bat closely misses you. x2; The leopard gecko bites you.
You barely miss the bat. The bat hits you. The bat closely misses you.
The leopard gecko barely misses you.
You closely miss the bat. You kick the bat.
The bat is moderately wounded.
The bat hits you.
* * * LOW HITPOINT WARNING * * *
The leopard gecko misses you.
You barely miss the leopard gecko. Your kick misses the leopard gecko.
The bat closely misses you.
The leopard gecko closely misses you. x2
You closely miss the leopard gecko. The bat hits you but does no damage.
The leopard gecko bites you.
* * * LOW HITPOINT WARNING * * *
You closely miss the bat. The bat hits you but does no damage.
The leopard gecko barely misses you. The bat barely misses you.
You hit the bat but do no damage. You kick the bat, but do no damage.
The bat barely misses you. The leopard gecko closely misses you.
The leopard gecko bites you.
You die...

##.............# ♣
♣#..%####.......##
♣.♣..#.####.####....#
♣.♣.........#...##..#
####...##...............
...$..............#..###
......ggg.........# #
######l########..#
##..b.@†...####..#
##...#.)...#...##..#
#..#...#+#...#..#..#
+.....##>##.....'..#
+.....##<##.....'..#
..#...#'#...#..#..#
#...#.....#...##..#
##.........####..#
#####+##### #..#


You could see a leopard gecko, 2 hobgoblins, a goblin and a bat.

Vanquished Creatures
  A dart slug (D:1)
  A ball python (D:1)
  A hobgoblin (D:1)
  2 kobolds (D:1)
  2 bats (D:1)
7 creatures vanquished.

Notes
Turn   | Place    | Note
-------+----------+-------------------------------------------
     0 | D:1      | iamserjio the Demonspawn Transmuter began the quest for the Orb.
     0 | D:1      | Reached XP level 1. HP: 15/15 MP: 3/3
    88 | D:1      | Reached skill level 3 in Unarmed Combat
    90 | D:1      | Gained mutation: You have large cloven feet. [demonic ancestry]
    90 | D:1      | Reached XP level 2. HP: 16/21 MP: 5/5
    98 | D:1      | Slain by a leopard gecko

Vault maps used:
D:1:      dpeg_arrival_refuge, serial_forest, infiniplex_forest_lined_corner,
          infiniplex_forest_lined_corner, infiniplex_forest_clump_tiny,
          infiniplex_forest_clump_small, infiniplex_forest_straight_1,
          infiniplex_forest_straight_3, infiniplex_forest_lined_room_2,
          minmay_hexomino_c4

Skill      XL: |  1 |
---------------+----+-----
Dodging        | 2 |  2.0
Unarmed Combat | 3 |  3.0
Transmutations | 2 |  2.0
Fighting       | |  1.0
Spellcasting   | |  2.0

Action                   || total
-------------------------++-------
Melee: Unarmed           ||    10
       Short sword       ||    11
       Headbutt          ||     2
       Kick              ||     2
 Cast: Beastly Appendage ||     3
Armor: Robe              ||    13
Dodge: Dodged            ||    50

Table legend:
 A = Spawn XP
 B = Non-spawn XP
 C = Spawn XP percentage of total XP
 D = Spawn monster count
 E = Non-spawn monster count
 F = Spawn count percentage of total count
 G = Total turns spent on level
                    A         B        C        D         E        F      G
               +---------+---------+-------+---------+---------+-------+---------
         Total |       0 |      15 |   0.0 |       0 |       7 |   0.0 |    98
               +---------+---------+-------+---------+---------+-------+---------
           D:1 |       0 |      15 |   0.0 |       0 |       7 |   0.0 |    98
               +---------+---------+-------+---------+---------+-------+---------
